 Dungeon Crawl Stone Soup version 0.30.1-11-g7821555f0a (webtiles) character file.

Game seed: 16448815927363908983

70 SacredBeard the Grave Robber (level 4, -2/32 HPs)
             Began as a Demonspawn Necromancer on Nov 4, 2023.
             Killed by divine providence
             ... invoked by an orc priest
              (12 damage)
             ... on level 3 of the Dungeon.
             The game lasted 00:06:57 (2169 turns).

SacredBeard the Grave Robber (DsNe)                 Turns: 2169, Time: 00:06:58

Health: -2/32      AC:  9    Str:  8    XL:     4   Next: 4%
Magic:  1/7        EV: 12    Int: 22    God:
Gold:   120        SH:  0    Dex: 16    Spells: 6/7 levels left

rFire   . . .        m - +0 spear (venom)
rCold   . . .        (no shield)
rNeg    . . .        i - +0 leather armour
rPois   +            (no helmet)
rElec   .            (no cloak)
rCorr   .            (no gloves)
SInv    .            (no boots)
Will    .....        (no amulet)
Stlth   ++           k - +6 ring of intelligence
HPRegen 0.25/turn    q - ring of poison resistance
MPRegen 0.10/turn

%: no passive effects
@: sanguine armoured
A: demonic guardian 1, spiny 1, sanguine armour 1
a: no special abilities


You were on level 3 of the Dungeon.
You visited 1 branch of the dungeon, and saw 3 of its levels.

You collected 120 gold pieces.

Inventory:

Hand Weapons
 m - a +0 spear of venom (weapon)
Missiles
 g - 29 stones
Armour
 i - a +0 leather armour (worn)
Jewellery
 k - a +6 ring of intelligence (left hand)
 q - a ring of poison resistance (right hand)
Scrolls
 a - 4 scrolls of identify {unknown}
 e - 2 scrolls of fear {unknown}
 j - 2 scrolls of enchant weapon {unknown}
 l - 5 scrolls of teleportation {unknown}
 n - a scroll of noise {unknown}
 p - a scroll of vulnerability {unknown}
 r - a scroll of enchant armour {unknown}
Potions
 b - a potion of magic
 c - a potion of cancellation {unknown}
 d - a potion of flight {unknown}
 f - a potion of lignification {unknown}
 h - a potion of heal wounds {unknown}
 o - a potion of attraction {unknown}
 s - a potion of degeneration {unknown}
 t - a potion of invisibility {unknown}


   Skills:
 + Level 1.0 Fighting
 + Level 0.8 Throwing
 + Level 0.7 Armour
 + Level 2.1 Dodging
 + Level 2.2 Stealth
 + Level 2.3 Spellcasting
 * Level 4.9 Necromancy


You had 6 spell levels left.
You knew the following spells:

 Your Spells              Type           Power      Damage    Failure   Level
a - Necrotise             Necr           96%        1d8       2%          1

Your spell library contained the following spells:

 Spells                   Type           Power      Damage    Failure   Level
 Vampiric Draining        Necr           24%        2d7       8%          3
 Animate Dead             Necr           24%        N/A       24%         4
 Ensorcelled Hibernation  Hex/Ice        4%         N/A       28%         2
 Spider Form              Tmut/Pois      2%         N/A       50%         3
 Anguish                  Hex/Necr       6%         N/A       56%         4
 Agony                    Necr           24%        N/A       56%         5


Dungeon Overview and Level Annotations

Branches:
Dungeon (3/15) Zot: 15822

Altars:
Dithmenos
Vehumet


Innate Abilities, Weirdness & Mutations

A weak demonic guardian rushes to your aid.
You are partially covered in sharp spines.
When seriously injured, your blood forms armour. (AC +6)


Message History

Aiming: Necrotise (safe; 2% risk of failure)
Press: ? - help, Shift-Dir - straight line, f/p - endoplasm
Aim: an endoplasm (severely wounded, not watching you, ally target, chance to affect: 92%)
The endoplasm writhes in agony.
You kill the endoplasm!
Your frilled lizard skeleton bites the orc priest.
The orc priest hits your orc skeleton with a +0 short sword.
You have reached level 4!
You feel agile.
Your demonic ancestry asserts itself...
You feel the presence of a demonic guardian.
Your orc skeleton hits the orc priest.
Your frilled lizard skeleton barely misses the orc priest.
The orc priest hits your orc skeleton with a +0 short sword.
Something barely misses your orc skeleton.
Your orc skeleton barely misses the orc priest.
The orc priest hits your orc skeleton with a +0 short sword.
Your orc skeleton is destroyed!
Your frilled lizard skeleton completely misses the orc priest.
An orc priest comes into view.
It is wielding a +0 hand axe of flaming.
The orc is struck by your spines. The orc completely misses you.
You barely miss the orc.
The orc is heavily wounded.
Your frilled lizard skeleton barely misses the orc.
The orc hits you but does no damage.
You hit the orc.
You kill the orc!
The orc priest mumbles some strange prayers to Beogh against you.
Pain shoots through your body!
* * * LOW HITPOINT WARNING * * *
Something hits your frilled lizard skeleton!
Your frilled lizard skeleton is destroyed!
You aren't carrying any items that you can evoke.
Reach: m) +0 spear (venom)
Press: ? - help, Dir - move target, f - orc priest
Aim: an orc priest, wielding a +0 short sword and wearing a +0 chain mail (lightly wounded, about 31% to evade your +0 spear of venom)
You reach to attack!
You barely miss the orc priest.
The orc priest is lightly wounded.
The orc priest calls down the wrath of Beogh upon you.
Beogh smites you!
You die...

# # # ######### #........
#.####### #.#
..################.#######
.......o)@................
..##...o##########.######.
......o.. ........# #.
####....## ######### #.
#..$)# #+ ####.# ## #o# #)
#.. #### #_#.


You could see 2 orc priests and an orc.

Vanquished Creatures
  2 adders
  A dart slug (D:1)
  4 orcs (D:3)
  An endoplasm (D:3)
  2 giant cockroaches
  4 goblins
  8 hobgoblins
  2 jackals (D:1)
  3 ball pythons (D:2)
  3 frilled lizards
  6 kobolds (D:1)
  8 rats
44 creatures vanquished.

Notes
Turn   | Place    | Note
-------+----------+-------------------------------------------
     0 | D:1      | SacredBeard the Demonspawn Necromancer began the quest for
                  | the Orb.
     0 | D:1      | Reached XP level 1. HP: 13/13 MP: 3/3
   253 | D:1      | Gained mutation: You are partially covered in sharp spines.
                  | [demonic ancestry]
   253 | D:1      | Reached XP level 2. HP: 19/19 MP: 0/5
  1205 | D:2      | Gained mutation: When seriously injured, your blood forms
                  | armour. (AC +6) [demonic ancestry]
  1205 | D:2      | Reached XP level 3. HP: 25/25 MP: 0/6
  1556 | D:2      | Found a radiant altar of Vehumet.
  1946 | D:3      | Reached skill level 1 in Fighting
  2027 | D:3      | Found a shadowy altar of Dithmenos.
  2163 | D:3      | Gained mutation: A weak demonic guardian rushes to your
                  | aid. [demonic ancestry]
  2163 | D:3      | Reached XP level 4. HP: 19/32 MP: 0/7
  2169 | D:3      | Killed from afar by an orc priest

Illustrated notes

Levels and vault maps discovered:
D:1:      enne_arrival_octagon_isle, layout_basic, serial_rivers,
          chequers_serial_rivers_small_a, chequers_serial_rivers_small_b,
          chequers_serial_rivers_small_b, chequers_serial_rivers_micro_d,
          chequers_serial_rivers_small_3
D:2:      layout_loops_cross, basic_altar
D:3:      layout_basic, marbit_many_paths, hellmonk_ecumenical_altar_run_dry,
          serial_shops, nicolae_shop_tiny_glass, minmay_pentangle, uniq_robin

Skill      XL: |  1  2  3 |
---------------+----------+-----
Stealth        | 2 |  2.2
Dodging        | 2 |  2.1
Fighting       | 1 |  1.0
Throwing       | |  0.8
Armour         | |  0.7
Spellcasting   | |  2.3
Necromancy     | |  4.9

Action                     |  1- 3 |  4- 6 || total
---------------------------+-------+-------++-------
  Melee: Dagger            |    16 |       ||    16
         Spear             |     6 |     3 ||     9
   Cast: Necrotise         |    73 |       ||    73
 Armour: Leather armour    |     7 |     1 ||     8
         Robe              |     1 |       ||     1
  Dodge: Dodged            |    21 |     1 ||    22
